 Dungeon Sprint DCSS version 0.31-a0-848-gaac375c287 (webtiles) character file.

Game seed: 7765733351474735741

186 sircluck the Ruffian (level 5, -2/59 HPs)
             Began as a Troll Berserker on Oct 4, 2023.
             Was a Priest of Trog.
             Slain by an ice devil (13 damage)
             ... summoned by a kobold demonologist
             ... in the Dungeon (Sprint III: "The Ten Rune Challenge").
             The game lasted 00:00:53 (196 turns).

sircluck the Ruffian (Troll Berserker)               Turns: 196, Time: 00:00:53

Health: -2/59      AC:  4    Str: 31    XL:     5   Next: 38%
Magic:  4/4        EV: 11    Int:  2    God:    Trog [***...]
Gold:   35         SH:  0    Dex:  8    Spells: 4/4 levels left

rFire   . .          .
                       - Unarmed
rCold   . . .        (no shield)
rNeg    . . .        a - +0 animal skin
rPois   .            (helmet restricted)
rElec   .            (no cloak)
rCorr   .            (gloves unavailable)
SInv    .            (boots unavailable)
Will    .....        (no amulet)
Stlth   +            (no ring)
HPRegen 1.09/turn    (no ring)
MPRegen 0.09/turn

%: no teleportation, clarity
@: no status effects
A: large, unfitting armour, claws 3, regeneration 1, shaggy fur 1, tough skin 1,
clarity, high MP 1, strong 1
a: Renounce Religion, Berserk, Trog's Hand


You were in the Dungeon.
You worshipped Trog.
Trog was most pleased with you.
You visited 1 branch You collected 35 gold pieces.

Inventory:

Armour
 a - a +0 animal skin (worn)
Scrolls
 g - a scroll of blinking
 i - 2 scrolls of immolation {unknown}
 j - 3 scrolls of identify
Potions
 b - 2 potions of curing
 c - a potion of heal wounds
 d - a potion of haste
 e - 2 potions of magic
 f - a potion of berserk rage
 h - 3 potions of mutation
 k - a potion of might {unknown}


   Skills:
 + Level 5.9 Fighting
 + Level 5.8 Dodging
 + Level 7.0 Unarmed Combat


You had 4 spell levels left.
You didn't know any spells.
Your spell library was empty.

Dungeon Overview and Level Annotations

Branches:
Dungeon (1/1)

Altars:
Elyvilon
Kikubaaqudgha
Sif Muna
Vehumet
Zin
The Shining One


Innate Abilities, Weirdness & Mutations

You are too large for most types of armour.
You have claws for hands.
Your natural rate of healing is unusually fast.
You are covered in fur. (AC +1)
You have tough skin. (AC +1)
You possess an exceptional clarity of mind.
You have an increased reservoir of magic. (+10% MP)
Your muscles are strong. (Str +4, Int/Dex -1)


Message History

A wizard comes into view. It is wielding a +0 dagger.
Found a book of Burglary.
Found three altars.
A kobold demonologist comes into view. It is wielding a +0 dagger.
Found a book of Debilitation.
The wizard shouts!
The kobold demonologist shouts!
The kobold demonologist casts a cantrip, but nothing happens.
The wizard casts a spell.
The wizard flickers and vanishes!
Deactivating autopickup; reactivate with Ctrl-A.
There is an open door here.
The kobold demonologist gestures wildly while chanting.
Something hits you.
You scratch the smoke demon but do no damage.
Something hits you.
You barely miss something. The smoke demon closely misses you. x2
The smoke demon hits you but does no damage.
The kobold demonologist hits you with a +0 dagger.
Something hits you.
You scratch something. The smoke demon closely misses you. x2
The smoke demon hits you. Something hits you.
The kobold demonologist casts a spell.
You miss something. The smoke demon hits you. x2
The smoke demon closely misses you. Something hits you.
The kobold demonologist hits you with a +0 dagger.
You claw something! Trog accepts your kill.
Trog appreciates your killing of a magic user.
Reactivating autopickup.
You feel a bit more experienced. The smoke demon gestures at you.
The ball of steam hits you!!
* * * LOW HITPOINT WARNING * * *
Your Unarmed Combat skill increases to level 7!
You scratch the ice devil.
The ice devil is lightly wounded.
You are engulfed in a cloud of scalding steam.
The kobold demonologist is engulfed in a cloud of scalding steam.
The kobold demonologist gestures wildly while chanting.
The ice devil hits you!
You die...

####....♣.♣ ♣..# ..#
†..#....~♣♣♣♣♣.###+#+###+#
...#...†~.♣..♣.#..........
..)#..~~~~♣♣♣..'.⌠........
##'#..~≈≈~~~.♣.#...######+
.)†#.~~≈~~~....#.⌠.#
...#.~≈~~~.....#§..#
...#.~~~.......#5###
####...........#@4:#
........†......#3K_#
▓▓▓▓▓▓▓▓▓▓▓▓▓▓▓▓▓▓▓▓


You could see an ice devil (summoned), a kobold demonologist, a smoke demon
(summoned) and an ufetubus (summoned).

Vanquished Creatures
  A scorpion (D)
  A water elemental (D)
  Jessica (D)
  A wizard (D)
  A human (D)
  3 rats (D)
8 creatures vanquished.

Notes
Turn   | Place    | Note
-------+----------+-------------------------------------------
     0 | D        | sircluck the Troll Berserker began the quest for the Orb.
     0 | D        | Reached XP level 1. HP: 22/22 MP: 0/0
    12 | D        | Noticed Jessica
    15 | D        | Reached ** piety under Trog
    25 | D        | Killed Jessica
    26 | D        | Reached skill level 4 in Unarmed Combat
    26 | D        | Reached XP level 2. HP: 19/32 MP: 1/1
    65 | D        | Reached XP level 3. HP: 18/39 MP: 2/2
    86 | D        | Noticed a scorpion
    92 | D        | Killed a scorpion
    92 | D        | Reached *** piety under Trog
    93 | D        | Reached skill level 5 in Fighting
    93 | D        | Reached skill level 6 in Unarmed Combat
    93 | D        | Reached XP level 4. HP: 46/50 MP: 3/3
   128 | D        | Noticed a water elemental
   130 | D        | Gained mutation: You possess an exceptional clarity of
                  | mind. [potion of mutation]
   130 | D        | Gained mutation: Your muscles are strong. (Str +4, Int/Dex
                  | -1) [potion of mutation]
   130 | D        | Gained mutation: You have an increased reservoir of magic.
                  | (+10% MP) [potion of mutation]
   141 | D        | Killed a water elemental
   142 | D        | Reached skill level 5 in Dodging
   142 | D        | Reached XP level 5. HP: 25/59 MP: 4/4
   180 | D        | Found a glowing silver altar of Zin.
   180 | D        | Found a glowing golden altar of the Shining One.
   180 | D        | Found a white marble altar of Elyvilon.
   188 | D        | Found a radiant altar of Vehumet.
   188 | D        | Found a shimmering blue altar of Sif Muna.
   188 | D        | Found an ancient bone altar of Kikubaaqudgha.
   191 | D        | Noticed a smoke demon
   194 | D        | Noticed an ice devil
   196 | D        | Reached skill level 7 in Unarmed Combat
   196 | D        | Slain by an ice devil

Illustrated notes

Levels and vault maps discovered:
D:        dungeon_sprint_mu [sprint_mu_entry_forest, sprint_mu_temple_rooms,
          sprint_mu_d1_spiders, sprint_mu_d2_genie, sprint_mu_d3_branching,
          sprint_mu_orc_legion, sprint_mu_elf_gauntlet, sprint_mu_hive_nellie,
          sprint_mu_lair_fedhas, sprint_mu_vaults_butterflies,
          sprint_mu_slime_circle, sprint_mu_swamp_cave, sprint_mu_snake_twists,
          sprint_mu_blade_basic, sprint_mu_crypt_fortress,
          sprint_mu_tomb_spiral, sprint_mu_vestibule_basic,
          sprint_mu_gehenna_hellfire, sprint_mu_dis_giant,
          sprint_mu_tartarus_statrot, sprint_mu_cocytus_islands, sprint_mu_zot1]

Skill      XL: |  1  2  3  4  5 |
---------------+----------------+-----
Fighting       | 3 4 5 |  5.9
Dodging        | 3 4 5 |  5.8
Unarmed Combat | 4 6 7 |  7.0

Action                     |  1- 3 |  4- 6 || total
---------------------------+-------+-------++-------
  Melee: Unarmed           |    29 |     8 ||    37
         Punch             |     1 |       ||     1
    Use: Potion            |       |     1 ||     1
 Armour: Animal skin       |    16 |    16 ||    32
  Dodge: Dodged            |     8 |     5 ||    13

Table legend: (Time is in decaauts)
 A = Elapsed time spent in this place.
 B = Non-inter-level travel time spent in this place.
 C = Inter-level travel time spent in this place.
 D = Time resting spent in this place.
 E = Time spent auto-exploring this place.
 F = Levels seen in this place.
 G = Mean time per level.
                   A        B        C        D        E       F      G
               +--------+--------+--------+--------+--------+-----+--------+
         Total |    192 |    192 |      0 |      0 |    123 |   1 |  192.0 |
       Dungeon |    192 |    192 |      0 |      0 |    123 |   1 |  192.0 |
               +--------+--------+--------+--------+--------+-----+--------+

Top non-repeatable levels by time:
       D: 192 daAuts
